Map: Одиссея РВ

Players

ИИ 1 (новичок) - Winner!

  • Race: Protoss Protoss
  • Spawn Location: 5:00

Doll

  • Race: Zerg Zerg
  • Spawn Location: 11:00

VOD

Have the link to the VOD?

Description

Time

  • Played on: Oct. 5, 2022, 6:57 a.m.
  • Length: 12:07
Show
View Real Time Build Order
Export as new Build Order

ИИ 1 (новичок) Protoss - Winner!

Build Orders: 1 Gate Expand, Nexus First 

Get SALT Encoding   

  12  0:00  Probe  
  13  0:13  Probe  
  14  0:20  Pylon  
  14  0:42  Gateway  
  14  1:01  Nexus  
  14  1:20  Pylon  
  14  1:21  Zealot  
  14  1:22  Assimilator  
  16  1:33  Probe  
  16  1:35  Cybernetics Core  
  17  1:41  Probe  
  18  1:51  Probe  
  19  2:01  Probe  
  19  2:02  Assimilator  
  20  2:09  Probe  
  20  2:11  Stalker  
  23  2:18  Probe  
  23  2:21  Probe  
  24  2:28  Warp Gate  
  25  2:32  Probe  
  26  2:44  Probe  
  26  2:45  Assimilator  
  26  2:49  Pylon  
  27  2:51  Probe  
  28  2:59  Probe  
  29  3:06  Probe  
  29  3:09  Probe  
  30  3:13  Robotics Facility  
  30  3:18  Probe  
  31  3:20  Zealot  
  34  3:29  Probe  
  34  3:33  Probe  
  36  3:44  Probe  
  37  3:51  Probe  
  38  3:58  Observer, Probe  
  40  4:05  Probe  
  41  4:12  Observer, Probe  
  42  4:17  Assimilator  
  42  4:19  Probe  
  44  4:27  Probe  
  44  4:29  Sentry  
  47  4:32  Pylon  
  47  4:34  Probe  
  48  4:41  Probe  
  49  4:48  Probe  
  50  6:22  Observer  
  50  10:15  Warp Prism  
  52  10:23  Gateway  
  52  10:25  Robotics Bay  
  52  10:28  Stargate  
  52  10:30  Pylon  
  52  10:38  Warp Prism  
  54  10:58  Gravitic Boosters  
  54  11:01  Zealot  
  50  11:08  Observer  
  47  11:13  Gateway  
  48  11:29  Observer  
  49  11:33  Stalker  
  51  11:44  Nexus  
  51  12:04  Zealot  
Show
View Real Time Build Order
Export as new Build Order

Doll Zerg 

Build Orders: Hatch First 

Get SALT Encoding   

  12  0:00  Drone  
  13  0:08  Drone  
  14  0:15  Extractor  
  14  0:16  Drone  
  15  0:22  Overlord  
  15  0:49  Hatchery, Drone  
  15  0:53  Drone  
  15  0:56  Drone  
  17  1:00  Extractor  
  17  1:02  Drone  
  18  1:11  Drone  
  18  1:21  Spawning Pool  
  18  1:24  Drone  
  19  1:32  Drone  
  19  1:43  Drone  
  20  1:54  Overlord  
  20  2:08  Queen x2  
  20  2:09  Zergling x4  
  20  2:13  Extractor  
  20  2:15  Drone  
  26  2:16  Drone  
  27  2:23  Drone  
  27  2:28  Drone  
  29  2:38  Drone x2  
  31  2:45  Roach Warren  
  31  2:46  Drone  
  31  2:51  Queen  
  31  2:54  Drone  
  34  3:00  Drone x2  
  36  3:09  Spine Crawler  
  36  3:11  Drone  
  36  3:16  Spine Crawler  
  36  3:17  Drone  
  36  3:23  Overlord  
  36  3:43  Drone x2  
  36  3:45  Drone  
  39  3:48  Drone  
  39  3:50  Hatchery  
  39  3:51  Drone  
  39  3:53  Drone  
  41  3:56  Drone  
  41  3:58  Drone  
  43  4:05  Overlord  
  43  4:12  Lair  
  43  4:15  Drone  
  44  4:25  Roach x3, Baneling Nest  
  44  4:28  Roach  
  51  4:32  Overlord  
  51  4:34  Drone  
  52  4:45  Overlord  
  52  4:52  Drone, Evolution Chamber  
  52  4:53  Roach x3  
  52  4:54  Roach  
  52  4:56  Overlord  
  52  4:59  Metabolic Boost  
  60  5:03  Roach  
  60  5:06  Roach  
  64  5:08  Roach  
  64  5:11  Roach  
  70  5:14  Roach  
  70  5:18  Glial Reconstitution  
  70  5:20  Pneumatized Carapace  
  70  5:22  Overseer  
  70  5:24  Overseer  
  70  5:29  Centrifugal Hooks  
  70  5:35  Zerg Missile Weapons Level 1  
  70  5:37  Drone x2  
  70  5:38  Drone  
  70  5:40  Drone  
  70  5:42  Drone  
  75  5:43  Drone  
  75  5:45  Drone  
  75  5:47  Drone  
  75  5:48  Drone  
  79  5:51  Extractor  
  79  5:53  Drone  
  79  5:54  Drone  
  79  5:55  Extractor  
  79  5:57  Drone  
  80  5:59  Overlord  
  80  6:02  Drone  
  80  6:03  Drone  
  82  6:09  Overlord  
  82  6:14  Drone, Evolution Chamber  
  82  6:15  Overlord  
  82  6:22  Roach  
  82  6:23  Roach  
  86  6:28  Hydralisk Den  
  86  6:30  Drone x2  
  86  6:31  Spire  
  86  6:32  Drone  
  87  6:34  Drone  
  87  6:35  Drone  
  87  6:38  Drone  
  90  6:43  Zerg Ground Armor Level 1  
  90  6:47  Roach x2  
  92  6:52  Roach x2  
  98  6:54  Drone  
  98  6:56  Drone  
  100  7:01  Extractor  
  100  7:02  Drone  
  100  7:03  Extractor, Drone  
  100  7:04  Drone  
  100  7:05  Overlord  
  100  7:07  Overseer  
  101  7:09  Drone  
  102  7:19  Drone  
  102  7:21  Overlord  
  102  7:22  Drone  
  104  7:23  Hatchery  
  104  7:25  Hydralisk  
  104  7:27  Hydralisk  
  107  7:32  Hydralisk  
  107  7:33  Hydralisk  
  111  7:37  Zerg Melee Weapons Level 1  
  111  7:38  Hydralisk  
  111  7:41  Hydralisk  
  111  7:44  Drone  
  116  7:45  Drone  
  116  7:46  Drone  
  116  7:48  Drone  
  116  7:49  Drone  
  116  7:50  Drone  
  121  7:59  Overlord  
  121  8:01  Overseer  
  121  8:07  Overlord  
  121  8:12  Overlord  
  121  8:17  Hydralisk x4  
  129  8:20  Overlord  
  129  8:26  Queen, Drone x3  
  129  8:27  Queen  
  134  8:28  Queen  
  134  8:31  Drone  
  134  8:32  Drone x2  
  141  8:40  Infestation Pit, Drone x2  
  142  8:42  Drone x5  
  147  8:49  Drone  
  147  8:51  Hydralisk  
  147  8:52  Hydralisk  
  147  8:53  Hydralisk  
  154  8:59  Hydralisk  
  156  9:03  Hydralisk x2  
  156  9:06  Overlord  
  160  9:10  Overlord  
  160  9:11  Overseer  
  160  9:15  Hatchery  
  160  9:16  Drone  
  160  9:18  Overlord  
  160  9:19  Hive  
  160  9:22  Zerg Missile Weapons Level 2  
  160  9:25  Hydralisk x3  
  160  9:26  Hydralisk  
  160  9:29  Hydralisk  
  160  9:30  Hydralisk  
  160  9:31  Hydralisk  
  172  9:35  Zerg Melee Weapons Level 2  
  172  9:37  Hydralisk  
  172  9:38  Hydralisk  
  176  9:40  Hydralisk  
  176  9:42  Hydralisk  
  176  9:43  Hydralisk  
  184  9:45  Overlord  
  184  9:50  Overlord  
  184  9:55  Overlord  
  184  10:04  Hydralisk x4  
  192  10:08  Hydralisk x4  
Tags
 
Add a new tag
Caveats
  • Supply blocks, unpowered buildings, or Contaminate may cause inaccurate times.
  • Supply counts are checked every 10 seconds.